 Dungeon Crawl Stone Soup version 0.19-a0-1238-gee6bd96 (webtiles) character file.

76 Ijustatesigmund the Sneak (level 4, -3/27 HPs)
             Began as an Octopode Wizard on Aug 26, 2016.
             Shot with a stone by a goblin (6 damage)
             ... on level 3 of the Dungeon.
             The game lasted 00:06:48 (2462 turns).

Ijustatesigmund the Sneak (Octopode Wizard)         Turns: 2462, Time: 00:06:49

Health: -3/27      AC:  1    Str:  6    XL:     4   Next: 32%
Magic:  5/8        EV: 13    Int: 21    God:
Gold:   56         SH:  0    Dex: 10    Spells: 4 memorised, 1 level left

rFire  + . .     SeeInvis .     k - +0 short sword
rCold  + . .     Gourm    .     (no shield)
rNeg   . . .     Faith    .     a - +0 hat
rPois  +         Spirit   .     (no amulet)
rElec  +         Dismiss  .     (no ring)
rCorr  +         Reflect  .     (no ring)
MR     .....     Harm     .     (no ring)
Stlth  +++.......               (no ring)
                                (no ring)
                                (no ring)
                                (no ring)
                                (no ring)

@: resistant, very slightly contaminated, hasted, repel missiles, very quick
A: almost no armour, amphibious, 8 rings, constrict 8, camouflage 1, gelatinous
body 1
a: no special abilities


You were on level 3 of the Dungeon.
You were not hungry.

You visited 1 branch of the dungeon, and saw 3 of its levels.

You collected 56 gold pieces.

Inventory:

Hand Weapons
 k - a +0 short sword (weapon)
Armour
 a - a +0 hat (worn)
 d - a +0 large shield
Jewellery
 g - an uncursed ring of ice
Potions
 e - a potion of flight
Books
 b - a book of Minor Magic

   Spells                             Type                      Level
   a - Magic Dart                     Conjuration                  1
   b - Blink                          Translocation                2
   c - Call Imp                       Summoning                    2
   d - Repel Missiles                 Charms/Air                   2
   e - Slow                           Hexes                        2
   f - Conjure Flame                  Conjuration/Fire             3
   g - Mephitic Cloud                 Conjuration/Poison/Air       3
Comestibles
 c - 2 bread rations
 f - 6 fruits
 j - 2 meat rations
 l - a slice of pizza


   Skills:
 + Level 0.8 Fighting
 + Level 1.0 Short Blades
 - Level 2.0 Dodging
 - Level 3.1 Stealth
 - Level 3.0 Spellcasting
 + Level 2.8 Conjurations
   Level 1.0 Summonings
 - Level 2.0 Translocations


You had one spell level left.
You knew the following spells:

 Your Spells              Type           Power        Failure   Level  Hunger
a - Magic Dart            Conj           ##..         4%          1    None
b - Blink                 Tloc           N/A          12%         2    ##.....
c - Repel Missiles        Chrm/Air       #.....       21%         2    ##.....
d - Mephitic Cloud        Conj/Pois/Air  #.......     30%         3    ###....


Dungeon Overview and Level Annotations

Branches:
Dungeon (3/15)

Altars:
Nemelex Xobeh

Annotations:
D:3 Natasha


Innate Abilities, Weirdness & Mutations

You cannot wear most types of armour.
You are amphibious.
You can wear up to eight rings at the same time.
You can use your tentacles to constrict eight enemies at once.
Your skin changes colour to match your surroundings (Stealth+).
Your rubbery body absorbs attacks. (AC +1, EV +1)


Message History

You are very lightly contaminated with residual magic.
You feel a strange surge of energy! The shadow imp gestures at you.
Pain shoots through your body!
Natasha mumbles some strange words.
The shadow imp gestures at you. Pain shoots through your body!
* * * LOW HITPOINT WARNING * * *
Okay, then.
You feel protected.
It was a potion of haste.
You feel yourself speed up. The shadow imp hits you.
* * * LOW HITPOINT WARNING * * *
Natasha wildly gestures.
Natasha's fingertips start to glow.
You see here an adder skeleton.
A goblin comes into view. It is wielding a dagger.
The goblin shouts!
The goblin unwields an uncursed dagger.
The goblin wields a hunting sling.
The goblin shoots a stone.
The stone hits you.
You die...

#...........
#...........
.?.........
..........
###########
.........
#......<..###
#........
#.......#...# ####
#..5.....
#.......###@##...
#..h.....
#....g.......#.##
###.#....
#...######......##
###.##### #.##
##.รท....###h.5..###
# #...####.5##.##..#
#.....#.####+####.
#####.5...........
#.######+#####
#.............


You could see a goblin.

Vanquished Creatures
  4 adders
  A worm (D:2)
  3 dart slugs
  6 bats
  2 giant cockroaches (D:1)
  4 hobgoblins
  4 kobolds
  A quokka (D:2)
  3 giant newts
  6 rats
34 creatures vanquished.

Notes
Turn   | Place    | Note
-------+----------+-------------------------------------------
     0 | D:1      | Ijustatesigmund the Octopode Wizard began the quest for the Orb.
     0 | D:1      | Reached XP level 1. HP: 11/11 MP: 4/4
   255 | D:1      | Reached XP level 2. HP: 17/17 MP: 0/6
   259 | D:1      | Learned a level 2 spell: Blink
   262 | D:1      | Learned a level 2 spell: Repel Missiles
   878 | D:2      | Reached XP level 3. HP: 8/21 MP: 0/7
  1203 | D:2      | Found a sparkling altar of Nemelex Xobeh.
  1736 | D:2      | Reached XP level 4. HP: 19/27 MP: 2/8
  1836 | D:2      | Learned a level 3 spell: Mephitic Cloud
  2241 | D:3      | Reached skill level 1 in Short Blades
  2441 | D:3      | Noticed Natasha
  2462 | D:3      | Shot with a stone by a goblin

Vault maps used:
D:1:      scummos_arrival_star
D:2:      first_bread, nemelex_xobeh_ov_fountains_minmay
D:3:      nicolae_ru_awakened_eye, nicolae_qazlal_eye_of_the_storm,
          dk_noncrumbling_4, interstate_on_off, item_on_display_a, uniq_natasha

Skill      XL: |  1  2  3  4 |
---------------+-------------+-----
Stealth        | 3 |  3.1
Conjurations   | 2 |  2.8
Translocations | 2 |  2.0
Short Blades   | 1 |  1.0
Fighting       | |  0.8
Dodging        | |  2.0
Spellcasting   | |  3.0
Summonings     | |  1.0

Action                   |  1- 3 |  4- 6 || total
-------------------------+-------+-------++-------
Melee: Unarmed           |    24 |       ||    24
       Constrict         |     6 |     1 ||     7
       Short sword       |     6 |     2 ||     8
       Tentacles         |     1 |     1 ||     2
 Cast: Magic Dart        |    69 |    24 ||    93
       Repel Missiles    |     2 |       ||     2
  Use: Scroll            |     9 |       ||     9
       Potion            |       |     2 ||     2
 Stab: Sleeping          |     2 |       ||     2
  Eat: Chunk             |     2 |     3 ||     5
Armor: Skin              |     8 |     1 ||     9
Dodge: Dodged            |    36 |     2 ||    38
       Deflected         |     1 |       ||     1
